 Dungeon Crawl Stone Soup version 0.28.0-43-g3370ac3207 (webtiles) character file.

Game seed: 12137263478206587575

440 crimpus the Covered (level 6, -3/56 HPs)
             Began as a Minotaur Fighter on Mar 28, 2022.
             Slain by an iguana (8 damage)
             ... on level 4 of the Dungeon.
             The game lasted 00:03:40 (3095 turns).

crimpus the Covered (Minotaur Fighter)              Turns: 3095, Time: 00:03:41

Health: -3/56      AC:  7    Str: 22    XL:     6   Next: 70%
Magic:  5/5        EV:  9    Int:  5    God:
Gold:   83         SH:  4    Dex: 10    Spells: 5/5 levels left

rFire   . . .      SeeInvis .   a - +0 flail
rCold   . . .      Faith    .   c - +0 buckler
rNeg    . . .      Spirit   .   b - +0 scale mail
rPois   .          Reflect  .   (helmet restricted)
rElec   .          Harm     .   (no cloak)
rCorr   .          Rampage  .   (no gloves)
Will    .....                   (no boots)
Stlth   ..........              (no amulet)
HPRegen 0.18/turn               (no ring)
MPRegen 0.09/turn               (no ring)

@: mighty
A: horns 2, retaliatory headbutt
a: no special abilities


You were on level 4 of the Dungeon.
You visited 1 branch of the dungeon, and saw 4 of its levels.

You collected 83 gold pieces.

Inventory:

Hand Weapons
 a - a +0 flail (weapon)
 i - a +1 vorpal hand crossbow
Missiles
 m - 8 bolts
Armour
 b - a +0 scale mail (worn)
 c - a +0 buckler (worn)
Scrolls
 e - a scroll of fear {unknown}
 f - a scroll of teleportation {unknown}
 g - 2 scrolls of noise {unknown}
 h - a scroll of magic mapping {unknown}
 j - a scroll of identify {unknown}
 k - a scroll of torment {unknown}
 o - a scroll of amnesia {unknown}
 q - a scroll of fog
Potions
 d - 3 potions of might
 l - a potion of brilliance {unknown}
 n - a potion of cancellation {unknown}
 p - a potion of haste {unknown}


   Skills:
 + Level 5.4 Fighting
 - Level 3.2 Maces & Flails
 * Level 3.1 Crossbows
 + Level 6.0 Armour
 + Level 1.1 Dodging
 + Level 4.7 Shields


You had 5 spell levels left.
You didn't know any spells.
Your spell library contained the following spells:

 Spells                   Type           Power      Damage    Failure   Level
 Sting                    Tmut/Pois      0%         1d3       86%         1
 Poisonous Vapours        Pois/Air       0%         N/A       95%         2
 Stone Arrow              Conj/Erth      0%         3d7       99%         3
 Animate Armour           Summ/Erth      0%         N/A       100%        4
 Olgreb's Toxic Radiance  Pois           0%         N/A       100%        4
 Lehudib's Crystal Spear  Conj/Erth      0%         10d2      100%        8


Dungeon Overview and Level Annotations

Branches:
Dungeon (4/15)
 Temple: D:4-7

Altars:

Shops:
D:3 :

Annotations:
D:4 1 transporter, RascalDebosk's ghost, amateur MiFi


Innate Abilities, Weirdness & Mutations

You have a pair of horns on your head.
You reflexively headbutt those who attack you in melee.


Message History

You miss the adder. Your headbutt misses the adder.
The adder bites you but does no damage. The adder bites you.
You are poisoned.
The adder poisons you!
You miss the adder.
You feel sick. The adder bites you.
You are more poisoned.
The adder poisons you! You block the adder's attack.
You barely miss the adder.
You feel sick. You block the adder's attack.
You are too injured to fight recklessly!
You are too injured to fight recklessly!
You are too injured to fight recklessly!
You closely miss the adder.
You feel sick. The adder misses you. The adder barely misses you.
You barely miss the adder.
You feel sick. The adder barely misses you.
You closely miss the adder.
You feel sick. The adder bites you but does no damage. The adder bites you.
You are more poisoned.
The adder poisons you!
You miss the adder.
You feel sick. The adder bites you.
You are more poisoned.
The adder poisons you!
You barely miss the adder.
You feel very sick.
The adder bites you but does no damage. x2
You bludgeon the adder!!
You kill the adder!
You feel sick.
You closely miss the hobgoblin.
You feel sick.
The hobgoblin hits you but does no damage. x2
You sock the hobgoblin!
You kill the hobgoblin!
You feel sick. The iguana bites you.
* * * LOW HITPOINT WARNING * * *
You barely miss the iguana.
You feel sick. The iguana completely misses you.
You sock the iguana!
The iguana is heavily wounded.
You feel sick.
You are no longer poisoned.
The iguana bites you!
You die...

######## ##### ##..l@..#
#...## #...###.# #.#...
###...###.# #...##
##.......#.##########.##
#..................##.##
#....g...........†.....##
#.##..S#.....#####.......
#. #l..................#.
# ##.#.#.....#####.##..#.


You could see an iguana.

Vanquished Creatures
  A necrophage (D:4)
  An ogre (D:3)
  A phantom (D:4)
  An orc priest (D:4)
  A hound (D:4)
  An iguana (D:4)
  Robin (D:2)
  2 adders
  3 worms (D:2)
  2 dart slugs
  2 orcs (D:4)
  6 ball pythons
  An endoplasm (D:2)
  2 giant cockroaches (D:1)
  16 goblins
  8 hobgoblins
  4 jackals (D:4)
  5 kobolds
  3 quokkas
  A bat (D:1)
  5 frilled lizards
  4 rats
71 creatures vanquished.

Vanquished Creatures (others)
  2 withered plants (D:2)
2 creatures vanquished.

Grand Total: 73 creatures vanquished

Notes
Turn   | Place    | Note
-------+----------+-------------------------------------------
     0 | D:1      | crimpus the Minotaur Fighter began the quest for the Orb.
     0 | D:1      | Reached XP level 1. HP: 19/19 MP: 0/0
    48 | D:1      | Reached XP level 2. HP: 5/27 MP: 1/1
   932 | D:2      | Reached XP level 3. HP: 29/33 MP: 2/2
   977 | D:2      | Reached skill level 4 in Armour
  1223 | D:2      | Found a faded altar of an unknown god.
  1599 | D:2      | Noticed Robin
  2310 | D:2      | Killed Robin
  2311 | D:2      | Reached XP level 4. HP: 34/41 MP: 3/3
  2498 | D:3      | Found Ustyw's Book Emporium.
  2673 | D:3      | Noticed an ogre
  2676 | D:3      | Killed an ogre
  2677 | D:3      | Reached skill level 1 in Crossbows
  2677 | D:3      | Reached skill level 5 in Armour
  2677 | D:3      | Reached XP level 5. HP: 47/47 MP: 4/4
  2708 | D:3      | You fall into a shaft and drop 1 floor!
  2715 | D:4      | Noticed a necrophage
  2726 | D:4      | Killed a necrophage
  2727 | D:4      | Reached skill level 5 in Fighting
  2727 | D:4      | Reached XP level 6. HP: 53/56 MP: 5/5
  2780 | D:4      | Found a transporter.
  2780 | D:4      | Noticed RascalDebosk's ghost (amateur MiFi)
  2784 | D:4      | Reached skill level 1 in Dodging
  3082 | D:4      | Reached skill level 6 in Armour
  3095 | D:4      | Slain by an iguana

Illustrated notes

Levels and vault maps discovered:
D:1:      mrwooster_arrival_arrow, layout_rooms
D:2:      layout_loops_ring, ebering_ecumenical_altar_petrified, uniq_robin
D:3:      layout_loops_ring, serial_shops, shop, nicolae_diamond_shop,
          nicolae_shop_crystal, minivault_11, grunt_decor_clamped,
          chequers_mini_garden, uniq_ijyb
D:4:      layout_loops_ring, gammafunk_ghost_stat_death, serial_shops,
          shop_scrolls, nrook_mini_vaults, st_stairs_5, nicolae_stop_n_shop_2

Skill      XL: |  1  2  3  4  5  6 |
---------------+-------------------+-----
Maces & Flails | 3 |  3.2
Fighting       | 4 5 |  5.4
Armour         | 4 5 6 |  6.0
Shields        | 4 |  4.7
Crossbows      | 1 2 3 |  3.1
Dodging        | 1 |  1.1

Action                   |  1- 3 |  4- 6 || total
-------------------------+-------+-------++-------
Melee: Flail             |   112 |    49 ||   161
       Headbutt          |     7 |     7 ||    14
 Fire: Hand crossbow     |       |    20 ||    20
  Use: Scroll            |     1 |       ||     1
       Potion            |       |     1 ||     1
Armor: Scale mail        |    49 |    24 ||    73
Dodge: Dodged            |    53 |    22 ||    75
Block: Buckler           |    24 |     8 ||    32
